 Dungeon Crawl Stone Soup version 0.19-a0-994-g3c636f0 (webtiles) character file.

17221 4thArraOfDagon the Carver (level 12, -4/84 HPs)
             Began as an Octopode Abyssal Knight on July 17, 2016.
             Was a Believer of Lugonu.
             Shot with a bolt by a yaktaur (27 damage)
             ... on level 14 of the Dungeon.
             The game lasted 00:37:19 (6572 turns).

4thArraOfDagon the Carver (Octopode Abyssal Knight) Turns: 6572, Time: 00:37:20

Health: -4/84      AC:  1    Str: 15    XL:     12   Next: 45%
Magic:  19/19      EV: 17    Int: 18    God:    Lugonu [**....]
Gold:   757        SH: 18    Dex: 13    Spells: 2 memorised, 5 levels left

rFire  . . .     SeeInvis .     s - +1 scimitar (freeze)
rCold  + . .     Gourm    .     p - +2 large shield
rNeg   . . .     Faith    .     (helmet restricted)
rPois  +         Spirit   .     (no amulet)
rElec  .         Dismiss  .     f - +2 ring of strength
rCorr  .         Reflect  .     n - +3 ring of evasion
SustAt .         Harm     .     D - ring of poison resistance
MR     .....     Rnd*Tele +     Z - ring of wizardry
Stlth  ++........               (no ring)
                                (no ring)
                                (no ring)
                                (no ring)

@: very slightly contaminated, hasted, very quick, not resistant to hostile
enchantments, unstealthy
A: almost no armour, amphibious, 8 rings, constrict 8, camouflage 1, cold
resistance 1, sense surroundings 1, poison resistance, robust 1, slow
regeneration 1, strong 1, teleportitis 1, wild magic 1, gelatinous body 1
a: Depart the Abyss, Bend Space, Renounce Religion


You were on level 14 of the Dungeon.
You worshipped Lugonu.
Lugonu was pleased with you.
You were hungry.

You visited 1 branch of the dungeon, and saw 15 of its levels.
You visited the Abyss 1 time.
You also visited: Bailey.

You collected 1365 gold pieces.
You spent 608 gold pieces at shops.

Inventory:

Hand Weapons
 a - a +1 falchion
 h - a +0 scythe of venom
 s - a +1 scimitar of freezing (weapon)
 M - a +0 blowgun
 O - a +1 great sword of flaming
 S - a +5 quick blade
 X - a +1 double sword of holy wrath
Missiles
 N - 54 tomahawks of returning (quivered)
 T - 3 curare-tipped needles
Armour
 p - a +2 large shield (worn)
Magical Staves
 I - an uncursed staff of wizardry {!a}
 P - an uncursed staff of air {unknown}
 R - an uncursed staff of conjuration {unknown}
Jewellery
 f - a +2 ring of strength (left tentacle)
 m - an uncursed amulet of guardian spirit
 n - a +3 ring of evasion (right tentacle)
 A - an uncursed amulet of the gourmand
 D - a ring of poison resistance (on tentacle)
 Z - a ring of wizardry (on tentacle)
Wands
 r - a wand of teleportation (5/9)
 v - a wand of iceblast (7/15)
 E - a wand of confusion (11/48)
 K - a wand of polymorph (12/24)
 Q - a wand of acid (5/15)
 Y - a wand of acid (8/15)
Scrolls
 d - 6 scrolls of remove curse
 g - a scroll of torment {unknown}
 i - 5 scrolls of noise
 j - 3 scrolls of enchant armour
 o - 3 scrolls of recharging {unknown}
 q - 2 scrolls of amnesia
 u - a scroll of magic mapping
 x - a scroll of fog {unknown}
 B - a scroll of enchant weapon {unknown}
 G - a scroll of immolation {unknown}
 H - a scroll of fear {unknown}
 J - a scroll of silence {unknown}
 V - a scroll of random uselessness {unknown}
Potions
 e - 3 potions of cancellation
 k - 2 potions of magic
 l - a potion of flight
 t - 4 potions of might
 w - a potion of berserk rage
 C - 4 potions of curing
Miscellaneous
 L - a phial of floods
 U - a sack of spiders
Comestibles
 b - 7 bread rations
 c - 5 meat rations
 W - a royal jelly


   Skills:
 - Level 5.5 Fighting
 * Level 11.9 Long Blades
 + Level 8.7 Dodging
 * Level 10.2 Shields
 + Level 9.5 Invocations


You had 5 spell levels left.
You knew the following spells:

 Your Spells              Type           Power        Failure   Level  Hunger
a - Passwall              Tmut/Erth      #.........   91%         2    ###....
b - Summon Lightning Spi  Summ/Air       #.......     100%        4    #####..


Dungeon Overview and Level Annotations

Branches:
Dungeon (15/15)            Temple (0/1) D:7            Lair (0/6) D:10
    Orc (0/2) D:11
 Vaults: D:13-14     Depths: D:15

Altars:
Ashenzari
Dithmenos
Fedhas
Gozag
Hepliaklqana
Okawaru
Pakellas
Sif Muna
Trog
Uskayaw
Vehumet
Xom

Shops:
D:8 !   D:9 *   D:12 (   D:15 (

Annotations:
D:3 mistymad's ghost, amateur MfGl
D:11 corrupted
D:13 exclusion: obsidian statue
Abyss:1 Grum


Innate Abilities, Weirdness & Mutations

You cannot wear most types of armour.
You are amphibious.
You can wear up to eight rings at the same time.
You can use your tentacles to constrict eight enemies at once.
Your skin changes colour to match your surroundings (Stealth+).
Your rubbery body absorbs attacks. (AC +1)
Your flesh is cold resistant. (rC+)
You passively map a small area around you.
Your system is resistant to poisons. (rPois)
You are robust. (+10% HP)
You regenerate slowly when monsters are visible.
Your muscles are strong. (Str +2)
You are occasionally teleported next to monsters.
Your spells are a little harder to cast, but a little more powerful.


Message History

Found a stone staircase leading up.
You see here 7 gold pieces.
Found an iron altar of Okawaru.
You see here 7 gold pieces.
You now have 757 gold pieces (gained 7).
Found a meat ration.
Autopickup is now on.
There is a stone staircase leading up here.
Unknown command.
Unknown command.
You feel yourself speed up.
You are very lightly contaminated with residual magic.
You feel much better.
Okay, then.
You climb upwards.
The centaur shouts! x3
The centaur wields a shortbow.
The centaur shoots an arrow.
The arrow hits you!
* * * LOW HITPOINT WARNING * * *
You block the centaur's attack.
The yaktaur shoots a bolt.
The bolt hits you!!
You die...

........(##.......#
......#c.##.....c.###
,...c..#..##..........
, .....
#..##.......... ...>.
#.(##........## ...
,...., #...(..cc....#
..... ....,
#.c.c......c.# ......
, , ,, #..###.c.....#
...... , , #..#
#H@.....# * .<....
....# #.......# .=....
* .....# #.......#
..... *......#
#.......# #.. ......*
........# #.. *
*.........# * #.. ,,
.........# * #..
.K..c.....# , * #.. *
#..


You could see a manticore, a yaktaur, a kobold demonologist (wandering) and 6
centaurs.

Vanquished Creatures
  Erolcha (D:11)
  Pikel (D:4)
  An orc knight (Bailey)
  2 ugly things (D:14)
  2 deep elf magi (D:14)
  A kobold demonologist (D:10)
  Grinder (D:4)
  Sigmund (D:5)
  6 yaks (D:9)
  Eustachio (D:5)
  A hungry ghost (D:10)
  2 hippogriffs
  Edmund (D:5)
  5 orc warriors
  A wasp (D:14)
  3 sky beasts
  A phantom (D:7)
  2 ice beasts
  A black bear (D:10)
  A necrophage (D:13)
  An eye of draining (D:12)
  6 centaurs
  4 ogres
  3 wolves (D:8)
  A crocodile (D:13)
  15 big kobolds (D:10)
  6 giant frogs
  A wyvern zombie (D:13)
  7 scorpions
  7 wights
  5 hounds
  3 centaur zombies
  4 centaur skeletons
  4 jellies
  6 orc priests
  2 giant frog skeletons
  9 orc wizards
  Natasha (twice) (D:4)
  6 worker ants
  A hound zombie (D:6)
  2 worker ant zombies
  3 gnolls (Bailey)
  A howler monkey skeleton (D:8)
  10 adders
  2 shadow imps
  2 adder skeletons
  An adder zombie (D:5)
  A dart slug (D:1)
  7 giant geckos
  49 orcs
  5 giant cockroaches
  13 goblins
  A jackal (D:8)
  21 kobolds
  5 quokkas
  2 ball pythons
  A ball python skeleton (D:5)
  5 bats
  3 giant newts (D:2)
  A quokka skeleton (D:8)
  A quokka zombie (D:9)
  8 rats
272 creatures vanquished.

Vanquished Creatures (others)
  A fire giant (D:11)
  A yaktaur captain (D:14)
  A tengu warrior (D:13)
  A deep troll earth mage (D:11)
  5 hill giants
  2 ugly things (D:14)
  A wolf spider (D:15)
  A manticore (D:13)
  A cyclops (D:11)
  A gargoyle (D:12)
  2 trolls (D:10)
  A freezing wraith (D:15)
  A tengu conjurer (D:13)
  A two-headed ogre (D:11)
  A boulder beetle (D:11)
  A vampire (D:12)
  A mottled dragon (D:14)
  An orc warrior (D:8)
  A centaur skeleton (D:4)
  2 orc priests (D:4)
  Natasha (D:4)
  An orc wizard (D:4)
  An orc (D:4)
  A bush (D:15)
31 creatures vanquished.

Grand Total: 303 creatures vanquished

Notes
Turn   | Place    | Note
-------+----------+-------------------------------------------
     0 | Abyss:1  | 4thArraOfDagon the Octopode Abyssal Knight began the quest for the Orb.
     0 | Abyss:1  | Reached XP level 1. HP: 16/16 MP: 2/2
    38 | Abyss:1  | Noticed a spatial maelstrom
    44 | Abyss:1  | Noticed a starcursed mass
    55 | Abyss:1  | Noticed a rakshasa
    76 | Abyss:1  | Noticed a small abomination
    96 | Abyss:1  | Noticed a spatial vortex
   141 | Abyss:2  | Noticed a small abomination
   183 | Abyss:2  | Noticed a large abomination
   210 | Abyss:2  | Noticed a tentacled starspawn
   222 | Abyss:2  | Noticed a thrashing horror
   237 | Abyss:2  | Noticed a large abomination
   245 | D:1      | Escaped the Abyss
   390 | D:2      | Reached XP level 2. HP: 15/21 MP: 3/3
   397 | D:2      | Found a hide-covered altar of Uskayaw.
   455 | D:2      | Reached * piety under Lugonu
   599 | D:2      | Reached XP level 3. HP: 19/26 MP: 3/5
   648 | D:2      | Found a blossoming altar of Fedhas.
   711 | D:3      | Gained mutation: Your flesh is cold resistant. (rC+) [potion of mutation]
   711 | D:3      | Gained mutation: You are occasionally teleported next to monsters. [potion of mutation]
   711 | D:3      | Gained mutation: Your system is resistant to poisons. (rPois) [potion of mutation]
   754 | D:3      | Noticed mistymad's ghost (amateur MfGl)
   776 | D:3      | Reached XP level 4. HP: 19/31 MP: 6/6
   783 | D:3      | Reached ** piety under Lugonu
   811 | D:3      | Noticed Grinder
   818 | D:3      | Reached skill level 3 in Long Blades
   825 | D:2      | Found a radiant altar of Vehumet.
   971 | D:3      | Found a deep blue altar of Sif Muna.
   985 | D:4      | Reached XP level 5. HP: 19/36 MP: 7/7
  1007 | D:4      | Noticed Pikel
  1013 | D:4      | Noticed a slave
  1014 | D:4      | Noticed a slave
  1016 | D:4      | Noticed a slave
  1025 | D:4      | Noticed a slave
  1054 | D:4      | Killed Pikel
  1054 | D:4      | Reached skill level 5 in Long Blades
  1054 | D:4      | Reached XP level 6. HP: 12/44 MP: 7/9
  1054 | D:4      | Reached XP level 7. HP: 14/49 MP: 7/10
  1085 | D:4      | Noticed Natasha
  1091 | D:4      | Killed Natasha
  1239 | D:5      | Entered Level 5 of the Dungeon
  1273 | D:5      | Found a bloodstained altar of Trog.
  1321 | D:5      | Noticed Sigmund
  1335 | D:5      | Killed Sigmund
  1412 | D:5      | Noticed Eustachio
  1569 | D:6      | Reached XP level 8. HP: 54/54 MP: 11/11
  1690 | D:6      | Reached skill level 5 in Fighting
  1690 | D:6      | Reached skill level 5 in Invocations
  1711 | D:6      | Reached skill level 6 in Long Blades
  1711 | D:6      | Reached skill level 5 in Dodging
  1787 | D:7      | Found an iron altar of Okawaru.
  1827 | D:7      | wow
  1904 | D:7      | Reached *** piety under Lugonu
  1978 | D:7      | Found a staircase to the Ecumenical Temple.
  2120 | D:6      | Found a shimmering altar of Xom.
  2121 | D:6      | Found an oddly glowing altar of Pakellas.
  2190 | D:6      | Reached skill level 7 in Long Blades
  2226 | D:5      | Found a hazy altar of Hepliaklqana.
  2256 | D:5      | Noticed Edmund
  2301 | D:4      | Killed Natasha
  2302 | D:4      | Noticed Natasha
  2305 | D:4      | Killed Natasha
  2305 | D:4      | Reached skill level 1 in Shields
  2357 | D:3      | Found a shattered altar of Ashenzari.
  2390 | D:3      | Gained mutation: Your muscles are strong. (Str +2) [potion of mutation]
  2390 | D:3      | Gained mutation: You are robust. (+10% HP) [potion of mutation]
  2390 | D:3      | Gained mutation: You regenerate slowly when monsters are visible. [potion of mutation]
  2440 | D:4      | Killed Grinder
  2440 | D:4      | Reached XP level 9. HP: 59/67 MP: 10/13
  2692 | D:5      | Killed Edmund
  2843 | D:5      | Killed Eustachio
  3284 | D:7      | Reached skill level 8 in Long Blades
  3286 | D:7      | Reached **** piety under Lugonu
  3413 | D:8      | Found Ethijar's Distillery.
  3422 | D:8      | Bought a potion of curing for 39 gold pieces
  3422 | D:8      | Bought 2 potions of might for 104 gold pieces
  3446 | D:8      | Found a shadowy altar of Dithmenos.
  3543 | D:8      | Reached skill level 5 in Shields
  3664 | D:8      | Noticed Grum
  3680 | D:8      | Banished Grum
  3680 | D:8      | Reached XP level 10. HP: 68/72 MP: 15/15
  3703 | D:8      | Learned a level 2 spell: Passwall
  3908 | D:9      | Found a hazy altar of Hepliaklqana.
  3981 | D:10     | Entered Level 10 of the Dungeon
  4005 | D:10     | Found a staircase to the Lair.
  4044 | D:10     | Noticed a hill giant
  4052 | D:10     | Banished a hill giant
  4052 | D:10     | Reached skill level 9 in Long Blades
  4142 | D:10     | Noticed a hill giant
  4145 | D:10     | Banished a hill giant
  4216 | D:9      | Found Ruyggiy's General Store.
  4553 | D:10     | Noticed a kobold demonologist
  4562 | D:10     | Noticed a sun demon
  4562 | D:10     | Killed a kobold demonologist
  4562 | D:10     | Reached skill level 10 in Long Blades
  4562 | D:10     | Reached XP level 11. HP: 41/79 MP: 15/17
  4697 | D:10     | Noticed a hill giant
  4698 | D:10     | Banished a hill giant
  4755 | D:11     | Noticed a fire giant
  4756 | D:11     | Noticed a deep troll earth mage
  4758 | D:11     | Banished a deep troll earth mage
  4761 | D:11     | Corrupted D:11
  4761 | D:11     | Noticed a war axe of chopping
  4761 | D:11     | Noticed a large abomination
  4761 | D:11     | Noticed a large abomination
  4764 | D:11     | Noticed a worldbinder
  4766 | D:11     | Noticed a starcursed mass
  4770 | D:11     | Noticed a worldbinder
  4773 | D:11     | Killed a fire giant
  4990 | D:11     | Noticed Erolcha
  4996 | D:11     | Killed Erolcha
  5045 | D:11     | Noticed a cyclops
  5046 | D:11     | Banished a cyclops
  5063 | D:11     | Gained mutation: Your spells are a little harder to cast, but a little more powerful. [mutagenic meat]
  5083 | D:11     | Found a staircase to the Orcish Mines.
  5162 | D:13     | Found an opulent altar of Gozag.
  5163 | D:13     | Sixotanaka: who needs lair anyway
  5165 | D:13     | Found a flagged portal.
  5211 | Bailey   | Entered a bailey
  5273 | Bailey   | Leszczynek: what would be the best order speed-wise? orc -> maybe elf -> lair?
  5286 | Bailey   | Sixotanaka: don't even go to elf
  5409 | Bailey   | Noticed an orc knight
  5422 | Bailey   | Killed an orc knight
  5439 | Bailey   | Reached skill level 11 in Long Blades
  5454 | Bailey   | Sixotanaka: or orc really
  5472 | Bailey   | Leszczynek: orc for shops
  5476 | Bailey   | Sixotanaka: i remember watching 4th dive into hell from lair
  5509 | Bailey   | Identified the Collected Works on the Supportive Glacier (You found it in a bailey)
  5514 | Bailey   | Learned a level 4 spell: Summon Lightning Spire
  5554 | D:12     | Sixotanaka: you just want to pick up xp and push for runes
  5631 | D:12     | Noticed a griffon
  5632 | D:12     | Noticed a hill giant
  5652 | D:12     | Banished a griffon
  5669 | D:12     | Banished a hill giant
  5790 | D:12     | Found Qagyuvau's Antique Weapon Shop.
  5800 | D:12     | Bought a runed double sword for 465 gold pieces
  5872 | D:13     | Noticed a tengu warrior
  5879 | D:13     | Banished a tengu warrior
  6009 | D:13     | Noticed a manticore
  6020 | D:13     | Banished a manticore
  6020 | D:13     | Reached XP level 12. HP: 27/84 MP: 18/18
  6297 | D:14     | Reached skill level 10 in Shields
  6328 | D:14     | Gained mutation: You passively map a small area around you. [mutagenic meat]
  6328 | D:14     | Noticed a yaktaur captain
  6330 | D:14     | Banished a yaktaur captain
  6352 | D:14     | woot
  6369 | D:15     | Entered Level 15 of the Dungeon
  6522 | D:15     | Noticed an eight-headed hydra
  6540 | D:15     | Found Kereub's Antique Weapon Boutique.
  6561 | D:15     | Found an iron altar of Okawaru.
  6572 | D:14     | Shot with a bolt by a yaktaur

Vault maps used:
D:1:      dpeg_arrival_oval
D:2:      marbit_many_paths, overflow_temple_1_default, old_standard_altar,
          first_bread
D:3:      overflow_temple_1_default, cheibrodos_ashenzari_chains, uniq_grinder
D:4:      uniq_pikel, uniq_natasha
D:5:      overflow_temple_1_default, lemuel_crystal_altar, uniq_eustachio,
          uniq_edmund, uniq_sigmund
D:6:      gammafunk_temple_overflow_statue
D:7:      kennysheep_okawaru_gauntlet
D:8:      serial_shops, shop_fountains, nicolae_dithmenos_the_darkroom,
          uniq_grum
D:9:      basic_altar, serial_shops, kennysheep_little_box,
          hangedman_little_slice_of_home
D:10:     dpeg_oklobed_lair, special_room
D:11:     minmay_mutant_horseshoe, kennysheep_orc_monster_closet_entryway,
          uniq_erolcha
D:12:     serial_shops, nicolae_shop_statue_plus
D:13:     minmay_separated_statues, basic_altar, enter_bailey_2
D:14:     david_vaults_2
D:15:     hangedman_depths_entry_try_elsewhere_first, basic_altar,
          serial_park_paths, serial_shops, nicolae_shop_stone,
          guppyfry_shop_blood
Bailey:   bailey_axe_1, bailey

Skill      XL: |  1  2  3  4  5  6  7  8  9 10 11 12 |
---------------+-------------------------------------+-----
Invocations    | 3 4 5 6 8 9 |  9.5
Dodging        | 3 4 5 6 7 8 |  8.7
Long Blades    | 3 5 7 8 10 11 | 11.9
Fighting       | 4 5 |  5.5
Shields        | 2 5 7 9 10 | 10.2

Action                   |  1- 3 |  4- 6 |  7- 9 | 10-12 || total
-------------------------+-------+-------+-------+-------++-------
Melee: Falchion          |    71 |    74 |   111 |       ||   256
       Constrict         |    19 |     8 |    54 |    66 ||   147
       Tentacles         |    13 |     7 |    63 |    94 ||   177
       Scimitar          |       |       |   174 |   429 ||   603
       Double sword      |       |       |       |    20 ||    20
Throw: Throwing net      |       |       |     1 |     1 ||     2
       Tomahawk          |       |       |       |    19 ||    19
Invok: Depart the Abyss  |     1 |       |       |       ||     1
       Banish            |       |       |     1 |    29 ||    30
       Corrupt           |       |       |       |     1 ||     1
Evoke: Wand              |       |       |       |    14 ||    14
  Use: Scroll            |     3 |     1 |    12 |     9 ||    25
       Potion            |     1 |     7 |     5 |     6 ||    19
 Stab: Sleeping          |     1 |     2 |    10 |     5 ||    18
       Distracted        |       |       |     1 |       ||     1
  Eat: Chunk             |       |       |     8 |    13 ||    21
       Pizza             |       |       |     1 |       ||     1
       Fruit             |       |       |     2 |       ||     2
       Royal jelly       |       |       |       |     3 ||     3
       Beef jerky        |       |       |       |     1 ||     1
       Bread ration      |       |       |       |     2 ||     2
Armor: Skin              |     1 |    30 |    38 |     9 ||    78
Dodge: Dodged            |    31 |    21 |    88 |   149 ||   289
Block: Large shield      |       |       |    62 |   346 ||   408
